AoeStats
← aupaathletic

Arena

509619809Analyzed
3v3 RM · 3d ago on Sep 27, 2026· 21m 24s· 6 players
Game mode
Random Map
Map size
Normal (6 player)
Population
200
Speed
Normal
Resources
Standard
Victory
Conquest
Starting age
Dark Age
Ending age
Imperial Age
RankedLock teamsTeams togetherTeam positionsShared explorationLock speedFull tech treeHidden civsTurbo modeCheats
Victory
Defeat
🇩🇪 Wei · Germany
916
+12
🇩🇪 Armenians · Germany
865
+14
🇩🇪 Cumans · Germany
865
+14
🇩🇪 Celts · Germany
860
-14
🇩🇪 Franks · Germany
814
-13
🇩🇪 Britons · Germany
813
-13
Schoko4630
0:27 Loom
10:35 Feudal Age
12:10 Double-Bit Axe
17:25 Castle Age
15:22 Horse Collar
21:32 Fletching
21:43 Padded Archer Armor
XBU Lord
0:31 Loom
11:25 Feudal Age
12:04 Man-at-Arms
12:30 Arson
16:16 Horse Collar
16:54 Forging
17:40 Scale Mail Armor
17:11 Long Swordsman
17:49 Double-Bit Axe
Osten1104
0:36 Loom
11:34 Feudal Age
14:01 Double-Bit Axe
17:30 Castle Age
19:19 Capped Ram
aupaathletic
0:30 Loom
11:18 Feudal Age
12:02 Double-Bit Axe
12:04 Horse Collar
15:44 Town Watch
18:19 Castle Age
16:23 Stone Mining
16:45 Gold Mining
18:28 Wheelbarrow
19:51 Bow Saw
19:45 Heavy Plow
21:30 Scale Mail Armor
MandleMagenbrot
2:00 Loom
10:54 Feudal Age
11:49 Town Watch
12:15 Double-Bit Axe
13:31 Gold Mining
15:36 Stone Mining
19:36 Castle Age
19:55 Forging
19:45 Scale Mail Armor
19:25 Man-at-Arms
20:22 Long Swordsman
coolsymbios
10:43 Feudal Age
11:22 Double-Bit Axe
11:41 Horse Collar
11:58 Gold Mining
12:00 Stone Mining
15:05 Wheelbarrow
18:30 Castle Age
16:58 Forging
19:24 Bow Saw
Connection lost

Rejoining the realm…

Still unreachable

The connection could not be restored.

Session expired

The server has moved on; the page needs a fresh start.